APL (24 & UNDER)
NASHUA REDLEGS @ DETROIT DIRTY SNOW
09/16/2025
 
TOP OF THE 1ST
Nashua Redlegs batting - Pitching for Detroit Dirty Snow : LHP Salvador Castro
Pitching: LHP Salvador Castro
Batting: RHB Manuel Alonso 0-0: Called Strike
0-1: Called Strike
0-2: Strikes out swinging
Batting: RHB Eleuterio Supardo 0-0: Ball
1-0: Called Strike
1-1: Called Strike
1-2: Strikes out swinging
Batting: RHB Héctor Vázquez 0-0: Ball
1-0: Foul Ball, location: 2F
1-1: Called Strike
1-2: Strikes out swinging
Top of the 1st over - 0 run(s), 0 hit(s), 0 error(s), 0 left on base; Nashua 0 - Detroit 0
BOTTOM OF THE 1ST
Detroit Dirty Snow batting - Pitching for Nashua Redlegs : LHP Pedro Castro
Pitching: LHP Pedro Castro
Batting: RHB Don Hooper 0-0: Hit by Pitch
Batting: RHB Cristo Souza 0-0: Ball
1-0: Ball
2-0: Ball
3-0: Base on Balls
Don Hooper to second
Batting: LHB Eric Powell 0-0: Ball
1-0: Ball
2-0: Called Strike
2-1: Foul Ball, location: 2F
2-2: Foul Ball, location: 2F
2-2: Strikes out swinging
Batting: RHB Héctor Berrios 0-0: Ball
Don Hooper steals 3rd base
Cristo Souza to second
1-0: Ball
2-0: Ball
3-0: Called Strike
3-1: Base on Balls
Batting: SHB Tim Reid 0-0: Called Strike
0-1: Foul Ball, location: 2F
0-2: Grounds into double play, 5-4-3 (Groundball, 5)
Bottom of the 1st over - 0 run(s), 0 hit(s), 0 error(s), 2 left on base; Nashua 0 - Detroit 0
TOP OF THE 2ND
Nashua Redlegs batting - Pitching for Detroit Dirty Snow : LHP Salvador Castro
Batting: RHB Javier Ortíz 0-0: Called Strike
0-1: Swinging Strike
0-2: Ground out 4-3 (Groundball, 4M)
Batting: LHB Bill McCraney 0-0: Called Strike
0-1: Fly out, F4 (Popup, 34)
Batting: RHB Gabriel Erwin 0-0: Ball
1-0: Called Strike
1-1: Called Strike
1-2: Strikes out swinging
Top of the 2nd over - 0 run(s), 0 hit(s), 0 error(s), 0 left on base; Nashua 0 - Detroit 0
BOTTOM OF THE 2ND
Detroit Dirty Snow batting - Pitching for Nashua Redlegs : LHP Pedro Castro
Batting: RHB José Velásquez 0-0: Foul Ball, location: 2F
0-1: Ball
1-1: Foul Ball, location: 2F
1-2: Foul Ball, location: 2F
1-2: Ball
2-2: Ground out 5-3 (Groundball, 5S)
Batting: RHB Charlie O'Farrell 0-0: Ball
1-0: Called Strike
1-1: Foul Ball, location: 2F
1-2: Foul Ball, location: 2F
1-2: Strikes out swinging
Batting: RHB Manny Perea 0-0: Called Strike
0-1: Ball
1-1: Ball
2-1: Foul Ball, location: 2F
2-2: Ball
3-2: SINGLE (Flyball, 4D)
Batting: SHB Alan Garland 0-0: Ball
1-0: Called Strike
1-1: Foul Ball, location: 2F
1-2: SINGLE (Flyball, 9LS)
Manny Perea to second
Runner from 2nd tries for 3rd, SAFE, throw made to third
Alan Garland to second
Batting: RHB Don Hooper 0-0: Called Strike
0-1: Fly out, F8 (Line Drive, 6MD)
Bottom of the 2nd over - 0 run(s), 2 hit(s), 0 error(s), 2 left on base; Nashua 0 - Detroit 0
TOP OF THE 3RD
Nashua Redlegs batting - Pitching for Detroit Dirty Snow : LHP Salvador Castro
Batting: LHB Tim Ramsey 0-0: Ball
1-0: Ball
2-0: Foul Ball, location: 2F
2-1: Ball
3-1: Base on Balls
Batting: SHB José Hernández 0-0: Ball
1-0: Called Strike
1-1: SINGLE (Line Drive, 6M)
Tim Ramsey to second
Runner from 2nd tries for 3rd, SAFE, no throw or cutoff
Batting: RHB Currito Campos 0-0: Ball
José Hernández is caught stealing 2nd base
1-0: Foul Ball, location: 2F
1-1: Ball
2-1: Swinging Strike
2-2: Foul Ball, location: 2F
2-2: Strikes out swinging
Batting: RHB Manuel Alonso 0-0: Called Strike
0-1: Ball
1-1: Ball
2-1: Ball
3-1: Called Strike
3-2: Foul Ball, location: 2F
3-2: Strikes out looking
Top of the 3rd over - 0 run(s), 1 hit(s), 0 error(s), 1 left on base; Nashua 0 - Detroit 0
BOTTOM OF THE 3RD
Detroit Dirty Snow batting - Pitching for Nashua Redlegs : LHP Pedro Castro
Batting: RHB Cristo Souza 0-0: Ball
1-0: Ball
2-0: Called Strike
2-1: Foul Ball, location: 2F
2-2: Strikes out looking
Batting: LHB Eric Powell 0-0: Ball
1-0: Ball
2-0: Fly out, F7 (Flyball, 7LD)
Batting: RHB Héctor Berrios 0-0: Ground out 5-3 (Groundball, 56)
Bottom of the 3rd over - 0 run(s), 0 hit(s), 0 error(s), 0 left on base; Nashua 0 - Detroit 0
TOP OF THE 4TH
Nashua Redlegs batting - Pitching for Detroit Dirty Snow : LHP Salvador Castro
Batting: RHB Eleuterio Supardo 0-0: Swinging Strike
0-1: Ball
1-1: Called Strike
1-2: Strikes out swinging
Batting: RHB Héctor Vázquez 0-0: Ball
1-0: Foul Ball, location: 2F
1-1: Ball
2-1: Swinging Strike
2-2: Fly out, F9 (Flyball, 9M)
Batting: RHB Javier Ortíz 0-0: Swinging Strike
0-1: Swinging Strike
0-2: Strikes out swinging
Top of the 4th over - 0 run(s), 0 hit(s), 0 error(s), 0 left on base; Nashua 0 - Detroit 0
BOTTOM OF THE 4TH
Detroit Dirty Snow batting - Pitching for Nashua Redlegs : LHP Pedro Castro
Batting: SHB Tim Reid 0-0: Called Strike
0-1: Foul Ball, location: 2F
0-2: SINGLE (Line Drive, 9LS)
Batting: RHB José Velásquez 0-0: Called Strike
0-1: Fielders Choice at 2nd, 6-4 (Groundball, 6)
Batting: RHB Charlie O'Farrell 0-0: Called Strike
0-1: Ball
1-1: Ball
2-1: Foul Ball, location: 2F
2-2: Ball
3-2: Base on Balls
José Velásquez to second
Batting: RHB Manny Perea 0-0: Ball
1-0: DOUBLE (Flyball, 78XD)
José Velásquez scores
Charlie O'Farrell to third
Runner from 3rd tries for Home, SAFE, throw made home
Batting: SHB Alan Garland 0-0: SINGLE (Line Drive, 7S)
Manny Perea to third
Runner from 3rd tries for Home, SAFE, no throw or cutoff
Batting: RHB Don Hooper 0-0: Called Strike
0-1: Fly out, F4 (Popup, 89S)
Batting: RHB Cristo Souza 0-0: Ball
1-0: Ground out 5-3 (Groundball, 5L)
Bottom of the 4th over - 3 run(s), 3 hit(s), 0 error(s), 1 left on base; Nashua 0 - Detroit 3
TOP OF THE 5TH
Nashua Redlegs batting - Pitching for Detroit Dirty Snow : LHP Salvador Castro
Batting: LHB Bill McCraney 0-0: Foul Ball, location: 2F
0-1: Ball
1-1: Called Strike
1-2: Strikes out swinging
Batting: RHB Gabriel Erwin 0-0: Ball
1-0: Ground out 5-3 (Groundball, 56S)
Batting: LHB Tim Ramsey 0-0: Called Strike
0-1: Ball
1-1: Called Strike
1-2: Strikes out swinging
Top of the 5th over - 0 run(s), 0 hit(s), 0 error(s), 0 left on base; Nashua 0 - Detroit 3
BOTTOM OF THE 5TH
Detroit Dirty Snow batting - Pitching for Nashua Redlegs : LHP Pedro Castro
Batting: LHB Eric Powell 0-0: Ball
1-0: Ball
2-0: Called Strike
2-1: Swinging Strike
2-2: Ball
3-2: Fly out, F7 (Flyball, 7LM)
Batting: RHB Héctor Berrios 0-0: Foul Ball, location: 2F
0-1: Ball
1-1: Ball
2-1: Ball
3-1: Fly out, F9 (Flyball, 89S)
Batting: SHB Tim Reid 0-0: Ball
1-0: Ball
2-0: Foul Ball, location: 2F
2-1: Ball
3-1: Foul Ball, location: 2F
3-2: Base on Balls
Pitching: RHP Carlos Rodríguez
Batting: RHB José Velásquez 0-0: DOUBLE (Flyball, 78M)
Tim Reid to third
Batting: RHB Charlie O'Farrell 0-0: Ball
1-0: Fly out, F6 (Line Drive, 6)
Bottom of the 5th over - 0 run(s), 1 hit(s), 0 error(s), 2 left on base; Nashua 0 - Detroit 3
TOP OF THE 6TH
Nashua Redlegs batting - Pitching for Detroit Dirty Snow : LHP Salvador Castro
Batting: SHB José Hernández 0-0: Swinging Strike
0-1: Ball
1-1: Ball
2-1: Ball
3-1: Base on Balls
Batting: RHB Currito Campos 0-0: Ball
1-0: Swinging Strike
1-1: Swinging Strike
1-2: SINGLE (Line Drive, 4M)
José Hernández to second
Batting: RHB Manuel Alonso 0-0: Called Strike
0-1: SINGLE (Flyball, 8RS)
José Hernández to third
Currito Campos to second
Runner from 3rd tries for Home, SAFE, throw made home
Currito Campos to third
Manuel Alonso to second
Batting: RHB Eleuterio Supardo 0-0: Foul Ball, location: 2F
0-1: Swinging Strike
0-2: Strikes out swinging
Batting: RHB Héctor Vázquez 0-0: Called Strike
0-1: Swinging Strike
0-2: Ball
1-2: Fly out, F8 (Flyball, 89M)
Runner from 3rd tags up, SCORES, throw made
Batting: RHB Javier Ortíz 0-0: Called Strike
0-1: Swinging Strike
0-2: Ball
1-2: Ball
2-2: Strikes out swinging
Top of the 6th over - 2 run(s), 2 hit(s), 0 error(s), 1 left on base; Nashua 2 - Detroit 3
BOTTOM OF THE 6TH
Detroit Dirty Snow batting - Pitching for Nashua Redlegs : RHP Carlos Rodríguez
Batting: RHB Manny Perea 0-0: Swinging Strike
0-1: Called Strike
0-2: Ball
1-2: Foul Ball, location: 2F
1-2: Strikes out swinging
Batting: SHB Alan Garland 0-0: Ground out 6-3 (Groundball, 6)
Batting: RHB Don Hooper 0-0: Swinging Strike
0-1: Foul Ball, location: 2F
0-2: Fly out, F7 (Flyball, 8LXD)
Bottom of the 6th over - 0 run(s), 0 hit(s), 0 error(s), 0 left on base; Nashua 2 - Detroit 3
TOP OF THE 7TH
Nashua Redlegs batting - Pitching for Detroit Dirty Snow : LHP Salvador Castro
Pitching: RHP Benjamin Hutchison
Batting: LHB Bill McCraney 0-0: Called Strike
0-1: Ball
1-1: Ball
2-1: Foul Ball, location: 2F
2-2: Ball
3-2: Strikes out looking
Batting: RHB Gabriel Erwin 0-0: Ground out 5-3 (Groundball, 5)
Batting: LHB Tim Ramsey 0-0: Called Strike
0-1: Foul Ball, location: 2F
0-2: Ground out 4-3 (Groundball, 4)
Top of the 7th over - 0 run(s), 0 hit(s), 0 error(s), 0 left on base; Nashua 2 - Detroit 3
BOTTOM OF THE 7TH
Detroit Dirty Snow batting - Pitching for Nashua Redlegs : RHP Carlos Rodríguez
Batting: RHB Cristo Souza 0-0: Foul Ball, location: 2F
0-1: Ball
1-1: Called Strike
1-2: Ball
2-2: SINGLE (Groundball, 56)
Batting: LHB Eric Powell 0-0: Called Strike
0-1: Ball
Passed Ball!
Cristo Souza to second
1-1: Intentional Walk
Batting: RHB Héctor Berrios 0-0: Swinging Strike
0-1: Ball
1-1: Ball
2-1: Ball
3-1: Base on Balls
Cristo Souza to third
Eric Powell to second
Batting: SHB Tim Reid 0-0: Ball
1-0: Called Strike
1-1: SINGLE (Groundball, 4MD)
Cristo Souza scores
Eric Powell to third
Héctor Berrios to second
Batting: RHB José Velásquez 0-0: Called Strike
0-1: Ball
1-1: Grounds into fielders choice 5-2 (Groundball, 56)
Héctor Berrios to third
Tim Reid to second
Batting: RHB Charlie O'Farrell 0-0: Called Strike
0-1: Ball
1-1: Ball
2-1: Grounds into fielders choice 1-2 (Groundball, 13S)
Tim Reid to third
José Velásquez to second
Batting: RHB Manny Perea 0-0: Called Strike
0-1: Fly out, F9 (Flyball, 89M)
Bottom of the 7th over - 1 run(s), 2 hit(s), 0 error(s), 3 left on base; Nashua 2 - Detroit 4
TOP OF THE 8TH
Nashua Redlegs batting - Pitching for Detroit Dirty Snow : RHP Benjamin Hutchison
Batting: SHB José Hernández 0-0: Called Strike
0-1: Ground out 5-3 (Groundball, 56)
Batting: RHB Currito Campos 0-0: Ball
1-0: Ball
2-0: Ball
3-0: Base on Balls
Pitching: RHP Vaughn Stanley
Batting: RHB Manuel Alonso 0-0: Ball
1-0: Called Strike
1-1: Foul Ball, location: 2F
1-2: Ball
2-2: Ball
3-2: Base on Balls
Currito Campos to second
Batting: RHB Eleuterio Supardo 0-0: Called Strike
0-1: Swinging Strike
0-2: Foul Ball, location: 2F
0-2: Foul Ball, location: 2F
0-2: Ball
1-2: Strikes out looking
Batting: RHB Héctor Vázquez 0-0: Ball
1-0: Ball
2-0: Ball
3-0: Base on Balls
Currito Campos to third
Manuel Alonso to second
Batting: RHB Javier Ortíz 0-0: Called Strike
0-1: Swinging Strike
0-2: Foul Ball, location: 2F
0-2: Strikes out looking
Top of the 8th over - 0 run(s), 0 hit(s), 0 error(s), 3 left on base; Nashua 2 - Detroit 4
BOTTOM OF THE 8TH
Detroit Dirty Snow batting - Pitching for Nashua Redlegs : RHP Carlos Rodríguez
Pitching: RHP Fernando Valdés
Batting: SHB Alan Garland 0-0: Ball
1-0: Ball
2-0: Ball
3-0: Called Strike
3-1: Called Strike
3-2: Foul Ball, location: 2F
3-2: Ground out 5-3 (Groundball, 56)
Batting: RHB Don Hooper 0-0: Called Strike
0-1: Ball
1-1: Swinging Strike
1-2: Strikes out swinging
Batting: RHB Cristo Souza 0-0: Called Strike
0-1: Swinging Strike
0-2: Ball
1-2: Ball
2-2: Ball
3-2: Foul Ball, location: 2F
3-2: Base on Balls
Batting: LHB Eric Powell 0-0: SINGLE (Line Drive, 34D)
Cristo Souza to second
Throwing error, E9
Cristo Souza scores
Eric Powell to second
Batting: RHB Héctor Berrios 0-0: Called Strike
0-1: Fly out, F3 (Popup, 23)
Bottom of the 8th over - 1 run(s), 1 hit(s), 1 error(s), 1 left on base; Nashua 2 - Detroit 5
TOP OF THE 9TH
Nashua Redlegs batting - Pitching for Detroit Dirty Snow : RHP Vaughn Stanley
Pitching: RHP Vaughan Horne
Batting: LHB Bill McCraney 0-0: Called Strike
0-1: Ball
1-1: Ball
2-1: Swinging Strike
2-2: Ball
3-2: Foul Ball, location: 2F
3-2: Fly out, F4 (Popup, 34D)
Batting: RHB Gabriel Erwin 0-0: Foul Ball, location: 2F
0-1: Ball
1-1: Ball
2-1: Foul Ball, location: 2F
2-2: Strikes out swinging
Batting: LHB Tim Ramsey 0-0: Ball
1-0: Called Strike
1-1: Ball
2-1: Foul Ball, location: 2F
2-2: Ball
3-2: Base on Balls
Batting: SHB José Hernández 0-0: SINGLE (Line Drive, 89S)
Tim Ramsey to second
Runner from 2nd tries for 3rd, SAFE, throw made to third
Batting: RHB Currito Campos 0-0: Foul Ball, location: 2F
0-1: Called Strike
0-2: Ball
1-2: Ball
2-2: Strikes out swinging
Top of the 9th over - 0 run(s), 1 hit(s), 0 error(s), 2 left on base; Nashua 2 - Detroit 5
This league is powered by Out of the Park Baseball, the baseball management simulation game for PC, Mac and Linux
Tuesday, August 2nd, 2016 - OOTP Baseball 16.8 Build 38